 Dungeon Crawl Stone Soup version 0.30.1-4-g462c640d31 (webtiles) character file.

Game seed: 8202699932980271652

214 Anriel the Trooper (level 6, 0/47 HPs)
             Began as a Human Gladiator on Aug 15, 2023.
             Slain by a bullfrog (6 damage)
             ... in a sewer.
             The game lasted 00:10:21 (1718 turns).

Anriel the Trooper (Human Gladiator)                Turns: 1718, Time: 00:10:21

Health: 0/47       AC:  7    Str: 14    XL:     6   Next: 15%
Magic:  6/6        EV: 10    Int:  8    God:
Gold:   160        SH:  0    Dex: 17    Spells: 5/5 levels left

rFire   + . .        a - +1 long sword
rCold   . . .        (no shield)
rNeg    . . .        e - +2 leather armour {rF+}
rPois   .            c - +0 helmet
rElec   .            (no cloak)
rCorr   +            b - +0 pair of gloves
SInv    .            (no boots)
Will    .....        (no amulet)
Stlth   +            j - ring of resist corrosion
HPRegen 0.27/turn    (no ring)
MPRegen 0.10/turn

%: no passive effects
@: confused, ambrosia-drunk, hasted, constricted, quick
A: no striking features
a: no special abilities


You were in a sewer.
You visited 1 branch of the dungeon, and saw 4 of its levels.
You also visited: Sewer.

You collected 160 gold pieces.

Inventory:

Hand Weapons
 a - a +1 long sword (weapon)
 n - a +0 great sword
Missiles
 d - 3 throwing nets (quivered)
Armour
 b - a +0 pair of gloves (worn)
 c - a +0 helmet (worn)
 e - a +2 leather armour of fire resistance (worn)
Jewellery
 j - a ring of resist corrosion (left hand)
Scrolls
 i - a scroll of fog
 l - a scroll of fear {unknown}
 o - a scroll of acquirement {unknown}
 p - a scroll of identify
 q - a scroll of poison
Potions
 g - a potion of resistance {unknown}
 k - a potion of cancellation {unknown}
 m - a potion of heal wounds {unknown}
 r - a potion of berserk rage {unknown}


   Skills:
 * Level 3.5 Fighting
 + Level 3.2 Long Blades
 + Level 3.3 Throwing
 + Level 3.3 Armour
 - Level 3.0 Dodging


You had 5 spell levels left.
You didn't know any spells.
Your spell library was empty.

Dungeon Overview and Level Annotations

Branches:
Dungeon (4/15)              Sewer (1/1)
 Temple: D:4-7

Altars:


Message History

A frilled lizard comes into view.
The ball python bites you but does no damage.
The ball python constricts you. The ball python barely misses you. x2
The adder closely misses you. The bullfrog hits you. x2
You feel yourself speed up. The ball python closely misses you.
The ball python constricts you. The adder bites you but does no damage.
The ball python bites you. x2; The bullfrog hits you.
The bullfrog barely misses you. The ball python closely misses you.
The ball python constricts you.
The ball python hisses angrily.
The adder hisses angrily.
The frilled lizard hisses angrily.
You slash the ball python!
You kill the ball python!
The adder barely misses you. The bullfrog hits you.
The ball python bites you but does no damage.
The bullfrog hits you.
* * * LOW HITPOINT WARNING * * *
The ball python bites you but does no damage.
The ball python constricts you. The bullfrog barely misses you.
The ball python bites you.
* * * LOW HITPOINT WARNING * * *
The adder barely misses you.
You escape the ball python's grasp.
The bullfrog attacks as you move away! The bullfrog barely misses you.
The bullfrog hits you but does no damage.
You see here a ball python corpse.
You enter the shallow water.
Moving in this stuff is going to be slow.
The ball python bites you but does no damage.
The ball python barely misses you. The bullfrog attacks as you move away!
The bullfrog barely misses you. The bullfrog hits you.
* * * LOW HITPOINT WARNING * * *
The bullfrog swells and bulges.
The ball python misses you. The ball python grabs you.
The ball python constricts you.
Unknown command.
You are confused.
You feel invigorated. The bullfrog hits you.
You die...

#.....†##†##...†..##
......###..##......#
#.....# #..##.....##
≈~~~~≈# #####~≈~≈~~#
≈~~~~≈# #≈~~~≈~#
≈~≈~~~# #≈≈~~≈≈#
≈≈≈≈~~# #≈~~~≈≈#
≈≈~≈†~# #≈~~~≈≈#
≈....## #≈≈S@≈~#
..((.≈# #≈≈~#FF#
≈....≈# #≈≈S≈SS#
~~~~≈≈# #≈≈≈~S≈#
~≈≈~≈≈# #≈≈≈S~~#
~~~~≈≈# #≈≈≈~#~#
≈~~~≈≈# #≈≈~~≈≈#
≈≈≈≈~≈# #≈≈~~≈≈#
≈≈≈≈~≈# #~≈~~≈~#


You could see 2 bullfrogs, 2 adders and 3 ball pythons.

Vanquished Creatures
  A hound (D:4)
  A jelly (D:4)
  4 adders
  A gnoll (D:2)
  3 river rats (Sewer)
  3 worms
  A dart slug (D:1)
  3 orcs (D:4)
  2 bats (D:1)
  3 endoplasms
  2 giant cockroaches (D:4)
  4 goblins
  A hobgoblin (D:1)
  3 jackals (D:1)
  3 kobolds
  2 quokkas (D:1)
  11 ball pythons
  4 frilled lizards
  27 rats
79 creatures vanquished.

Notes
Turn   | Place    | Note
-------+----------+-------------------------------------------
     0 | D:1      | Anriel the Human Gladiator began the quest for the Orb.
     0 | D:1      | Reached XP level 1. HP: 16/16 MP: 1/1
   130 | D:1      | You fall into a shaft and drop 1 floor!
   254 | D:1      | Reached XP level 2. HP: 22/22 MP: 2/2
   258 | D:1      | Reached skill level 1 in Armour
   565 | D:1      | Reached XP level 3. HP: 28/28 MP: 3/3
   963 | D:4      | Reached XP level 4. HP: 19/34 MP: 4/4
  1261 | D:4      | Reached XP level 5. HP: 38/40 MP: 5/5
  1340 | D:4      | Found a glowing drain.
  1344 | Sewer    | Entered a sewer
  1615 | Sewer    | Reached XP level 6. HP: 42/47 MP: 6/6
  1718 | Sewer    | Slain by a bullfrog

Illustrated notes

Levels and vault maps discovered:
D:1:      lemuel_arrival_room, layout_loops_ring
D:2:      layout_rooms, nrook_campfire, minmay_misc_feat_rugged,
          minmay_pentomino_q2
D:3:      layout_loops_corners, minmay_cupped
D:4:      layout_loops_cross, gup_sewer_entry_spiral
Sewer:    sewer_minmay_w

Skill      XL: |  1  2  3  4  5 |
---------------+----------------+-----
Armour         | 1 2 3 |  3.3
Throwing       | 3 |  3.3
Fighting       | 3 |  3.5
Long Blades    | |  3.2
Dodging        | |  3.0

Action                     |  1- 3 |  4- 6 || total
---------------------------+-------+-------++-------
  Melee: Long sword        |    95 |   139 ||   234
         Punch             |       |     2 ||     2
  Throw: Javelin           |     2 |       ||     2
    Use: Potion            |     1 |     2 ||     3
         Scroll            |     5 |     1 ||     6
 Armour: Leather armour    |    42 |    92 ||   134
  Dodge: Dodged            |    79 |   169 ||   248
